[Event "Late-Titled-Tuesday-Blitz-June-18-2024"]
[Site "Chess.com"]
[Date "2024.06.18"]
[Round "2"]
[White "ploxoi"]
[Black "CrazyMartian"]
[Result "1-0"]
[WhiteElo "2518"]
[BlackElo "2303"]
[TimeControl "180+1"]
[EndTime "14:16:56 PDT"]
[Termination "ploxoi won by resignation"]

1. d4 d5 2. Nf3 Nf6 3. c4 e6 4.
g3 Be7 5. Bg2 O-O 6. O-O b6 7.
Nc3 Bb7 8. Ne5 a6 9. cxd5 Nxd5 10.
e4 Nxc3 11. bxc3 Nd7 12. Nd3 c5 13. Be3 cxd4 14. cxd4 Rc8 15. Rb1 Rc3 16. Qd2 Rc4 17.
Qb2 Qa8 18. f3 Rfc8 19. Rfc1 b5 20. Rxc4 Rxc4 21. Bf1 Qc8 22. Nc5 Nxc5 23. Bxc4 Na4 24.
Qb3 1-0

[Event "Late-Titled-Tuesday-Blitz-June-18-2024"]
[Site "Chess.com"]
[Date "2024.06.18"]
[Round "2"]
[White "sudtirolese06"]
[Black "crazycheesecake"]
[Result "1-0"]
[WhiteElo "2459"]
[BlackElo "2134"]
[TimeControl "180+1"]
[EndTime "14:17:00 PDT"]
[Termination "sudtirolese06 won on time"]

1. d4 d5 2. Bf4 Nf6 3. e3 c5 4. dxc5 Nc6 5. Bb5 e6 6. b4 Bd7 7.
c3 a5 8. Qb3 axb4 9. cxb4 Nh5 10. Ne2 Nxf4 11. Nxf4 Qf6 12. O-O Qxa1 13. Nc3 Qxf1+ 14.
Kxf1 Be7 15. a4 O-O 16. Bxc6 Bxc6 17. b5 Bd7 18. Nd3 Rfc8 19. Nxd5 exd5 20. Qxd5 Be6 21. Qxb7 Bc4 22. Qe4 Bxd3+ 23. Qxd3 Bxc5 24. Qc4 Bb6 25. Qe4 Rc1+ 26. Ke2 Rac8 27. Kf3 R1c2 28. Qb4 R2c7 29. a5 Bc5 30. Qe4 Bd6 31. b6 Rc2 32. a6 Rb2 33. a7 1-0

[Event "Late-Titled-Tuesday-Blitz-June-18-2024"]
[Site "Chess.com"]
[Date "2024.06.18"]
[Round "2"]
[White "Rud_Makarian"]
[Black "Jarming"]
[Result "1-0"]
[WhiteElo "3066"]
[BlackElo "2639"]
[TimeControl "180+1"]
[EndTime "14:17:04 PDT"]
[Termination "Rud_Makarian won by resignation"]

1. d4 Nf6 2. Nf3 g6 3. c4 Bg7 4. Nc3 d5 5. Bg5 Ne4 6. Bf4 Nxc3 7. bxc3 c5 8. e3 O-O 9. cxd5 cxd4 10. cxd4 Qxd5 11. Be2 Nc6 12. O-O Bf5 13. Qa4 Qa5 14.
Qxa5 Nxa5 15. Rac1 Rfc8 16. Ne5 Be4 17. Nc4 Nxc4 18.
Bxc4 e6 19. f3 Rxc4 20. Rxc4 Bd3 21. Rc7 Bxf1 22. Kxf1 b5 23. Rb7 a6 24. Ke2 h5 25.
Kd3 Bf6 26. Bc7 a5 27. Rxb5 a4 28. Rb8+ 1-0

[Event "Late-Titled-Tuesday-Blitz-June-18-2024"]
[Site "Chess.com"]
[Date "2024.06.18"]
[Round "2"]
[White "fly_21"]
[Black "bascheyaro"]
[Result "0-1"]
[WhiteElo "2571"]
[BlackElo "2842"]
[TimeControl "180+1"]
[EndTime "14:17:04 PDT"]
[Termination "bascheyaro won by resignation"]

1. d4 d5 2. c4 c6 3. Nf3 Nf6 4. e3 Bf5 5. Nc3 e6 6. Nh4 Be4 7. f3 Bg6 8. Qb3 Qb6 9. Nxg6 hxg6 10. Bd2 Nbd7 11. Kf2 Bd6 12. c5 Qxb3 13. axb3 Bc7 14. Bd3 a6 15. g3 e5 16. b4 O-O 17. h4 Rfe8 18. g4 Nf8 19. g5 Nh5 20. Ne2 f5 21. f4 exf4 22. exf4 Re7 23. Rae1 Rae8 24.
Kf3 Kf7 25. Rhg1 Ne6 26. Ref1 Bb8 27. Rg2 Nc7 28. Rgg1 Nb5 29. Rg2 Bc7 30. Rgg1 Rxe2 31. Bxe2 Nxd4+ 0-1

[Event "Late-Titled-Tuesday-Blitz-June-18-2024"]
[Site "Chess.com"]
[Date "2024.06.18"]
[Round "2"]
[White "rychessmaster1"]
[Black "invisible_s0ul"]
[Result "1-0"]
[WhiteElo "2741"]
[BlackElo "2396"]
[TimeControl "180+1"]
[EndTime "14:17:05 PDT"]
[Termination "rychessmaster1 won by checkmate"]

1. d4 b6 2. e4 Bb7 3. Nc3 g6 4. h4 Bg7 5. h5 c5 6. Be3 cxd4 7. Bxd4 e5 8. Be3 Nf6 9. Bc4 Nxh5 10. Rxh5 gxh5 11. Qxh5 Qf6 12. Nf3 Qg6 13. Qh3 Bxe4 14. Nh4 Qc6 15. Bb5 Qb7 16. O-O-O Bc6 17. Bc4 Na6 18.
Nf5 Bf8 19. Bg5 Nc5 20. Bf6 Rg8 21. Qxh7 Rg6 22. Qxf7# 1-0

[Event "Late-Titled-Tuesday-Blitz-June-18-2024"]
[Site "Chess.com"]
[Date "2024.06.18"]
[Round "2"]
[White "romulocardoso"]
[Black "WindWhistler11"]
[Result "0-1"]
[WhiteElo "2315"]
[BlackElo "2522"]
[TimeControl "180+1"]
[EndTime "14:17:05 PDT"]
[Termination "WindWhistler11 won by resignation"]

1. e4 g6 2. d4 Bg7 3. Nf3 d6 4. h3 a6 5. Bc4 e6 6. a4 b6 7.
O-O Bb7 8. Re1 Ne7 9. Bg5 h6 10. Bh4 O-O 11. Nbd2 Nd7 12. Nf1 c5 13. d5 e5 14. c3 f5 15. exf5 gxf5 16. Ng3 Qe8 17. Nh5 Bh8 18. Qd2 Kh7 19. g4 Ng6 20. g5 Nxh4 21. Nxh4 Qxh5 22. g6+ Kg8 23. Re3 Qxh4 24. Rg3 Bg7 0-1

[Event "Late-Titled-Tuesday-Blitz-June-18-2024"]
[Site "Chess.com"]
[Date "2024.06.18"]
[Round "2"]
[White "MITerryble"]
[Black "AlbusSevresPotter"]
[Result "1-0"]
[WhiteElo "3005"]
[BlackElo "2621"]
[TimeControl "180+1"]
[EndTime "14:17:06 PDT"]
[Termination "MITerryble won on time"]

1. d4 Nf6 2. Nf3 e6 3. c4 b6 4.
g3 Bb7 5. Bg2 Be7 6. O-O O-O 7.
Nc3 Ne4 8. Qc2 f5 9. d5 Nxc3 10.
Qxc3 Bf6 11. Qc2 Na6 12. Rd1 Qe8 13. Nd4 Nc5 14. Nb5 Qc8 15. Rb1 a6 16. Nd4 Bxd4 17.
Rxd4 e5 18. Rd1 a5 19. b3 d6 20. Bh3 g6 21. a3 Qe8 22. f3 f4 23. b4 axb4 24.
axb4 Qa4 25. Rd2 Qxc2 26. Rxc2 Na4 27. Bd7 b5 28. Bxb5 Nb6 29. gxf4 exf4 30. Bb2 Rf5 31. Bd4 Raf8 32. Ra1 Nc8 33. Bd7 Rg5+ 34. Kh1 Ne7 35.
Be6+ Rf7 36. Ra7 1-0

[Event "Late-Titled-Tuesday-Blitz-June-18-2024"]
[Site "Chess.com"]
[Date "2024.06.18"]
[Round "2"]
[White "GothamChess"]
[Black "scrambleyourbrain"]
[Result "1-0"]
[WhiteElo "2715"]
[BlackElo "2387"]
[TimeControl "180+1"]
[EndTime "14:17:06 PDT"]
[Termination "GothamChess won by resignation"]

1. a4 Nf6 2. Ra3 d5 3. g3 e6 4. Bg2 Bxa3 5. Nxa3 O-O 6. b3 c5 7. Bb2 b6 8. e3 Bb7 9. Ne2 Nc6 10.
d3 Rc8 11. O-O Re8 12. h3 e5 13. Kh2 d4 14. e4 Nd7 15. f4 f6 16. h4 Nf8 17.
Bh3 Rc7 18. h5 a6 19. Nc4 Rce7 20. Bc1 exf4 21. gxf4 Qc7 22. Ng3 g6 23. Qg4 Bc8 24. Qh4 Bxh3 25. Qxh3 b5 26. axb5 axb5 27. Na3 b4 28.
Nc4 Qd7 29. Qh4 Rg7 30. Qxf6 Ne6 31. f5 Nf8 32. Nd6 Rd8 33. h6 Re7 34. Bf4 Na7 35. e5 Nc8 36. Nge4 gxf5 37. Rg1+ Ng6 38. Rxg6+ hxg6 39. Qxg6+ Kh8 40. Bg5 Re6 41. Nf7+ 1-0

[Event "Late-Titled-Tuesday-Blitz-June-18-2024"]
[Site "Chess.com"]
[Date "2024.06.18"]
[Round "2"]
[White "Schattman"]
[Black "MasterofMasters2006"]
[Result "0-1"]
[WhiteElo "2478"]
[BlackElo "2260"]
[TimeControl "180+1"]
[EndTime "14:17:08 PDT"]
[Termination "MasterofMasters2006 won on time"]

1. Nf3 Nf6 2. b3 g6 3. Bb2 Bg7 4. g3 O-O 5. c4 b6 6. Bg2 Bb7 7. O-O d6 8. d4 Nbd7 9. Nc3 d5 10. Ne5 e6 11. Rc1 Rc8 12. e3 c5 13. Nxd7 Qxd7 14. cxd5 Nxd5 15. Nxd5 Bxd5 16. Bxd5 Qxd5 17. Qe2 cxd4 18.
Rxc8 Rxc8 19. Rd1 e5 20. exd4 exd4 21. Qd3 h5 22. h4 Re8 23. Kh2 Qe4 24. Kg1 Qg4 25.
Kg2 Qe2 26. Bxd4 Qxd3 27. Rxd3 Rd8 28. Bxg7 Rxd3 0-1

[Event "Late-Titled-Tuesday-Blitz-June-18-2024"]
[Site "Chess.com"]
[Date "2024.06.18"]
[Round "2"]
[White "Roachelley"]
[Black "Andrei_Skvortsov"]
[Result "0-1"]
[WhiteElo "2541"]
[BlackElo "2773"]
[TimeControl "180+1"]
[EndTime "14:17:11 PDT"]
[Termination "Andrei_Skvortsov won by resignation"]

1. Nf3 g6 2. e3 Bg7 3. d4 c5 4. b3 cxd4 5. exd4 Nh6 6. Bb2 O-O 7. Bd3 d5 8. O-O Bf5 9. c4 Bxd3 10. Qxd3 Nc6 11.
Rd1 Nf5 12. c5 a5 13. a3 b6 14. Qb5 Na7 15. Qxb6 Qxb6 16. cxb6 Nb5 17. a4 Nbd6 18. Nc3 e6 19. Ba3 Rfd8 20. Rac1 Rab8 21. b4 Nc4 22. Nb1 Nxa3 23. Nxa3 axb4 24. Nb5 Rxb6 25.
Rb1 Bf8 26. Ne5 Ra6 27. Ra1 Rc8 28. g4 Nd6 29. Nd3 Ne4 30. f3 Nc3 31. Re1 Rxa4 0-1

[Event "Late-Titled-Tuesday-Blitz-June-18-2024"]
[Site "Chess.com"]
[Date "2024.06.18"]
[Round "2"]
[White "ritanovikova"]
[Black "Rakitic2010"]
[Result "0-1"]
[WhiteElo "2197"]
[BlackElo "2481"]
[TimeControl "180+1"]
[EndTime "14:17:11 PDT"]
[Termination "Rakitic2010 won on time"]

1. e4 Nf6 2. e5 Nd5 3. Nf3 d6 4. exd6 cxd6 5. d4 g6 6. Be2 Bg7 7. O-O O-O 8. a3 Nc6 9. c4 Nb6 10. d5 Na5 11. Nbd2 Bg4 12. Rb1 Rc8 13. b3 Bf5 14. Rb2 e6 15. dxe6 fxe6 16. h3 d5 17. cxd5 exd5 18. b4 Nc6 19. Ra2 d4 20. Bc4+ Nxc4 21.
Nxc4 Qd5 22. Qb3 Be6 23. Rc2 b5 24. Ncd2 Qxb3 25. Nxb3 Bxb3 26. Rc5 Bc4 27. Rd1 Be2 28. Re1 Bxf3 29. gxf3 Ne5 30. Rcxe5 Bxe5 0-1

[Event "Late-Titled-Tuesday-Blitz-June-18-2024"]
[Site "Chess.com"]
[Date "2024.06.18"]
[Round "2"]
[White "Jospem"]
[Black "Malev212"]
[Result "1-0"]
[WhiteElo "3054"]
[BlackElo "2635"]
[TimeControl "180+1"]
[EndTime "14:17:15 PDT"]
[Termination "Jospem won by resignation"]

1. e4 c6 2. d4 d6 3. Bd3 Nd7 4. c3 h6 5. f4 g5 6. Ne2 Bg7 7. O-O gxf4 8. Bxf4 e5 9. Be3 h5 10. Nd2 h4 11. h3 Ngf6 12. Nf3 Qe7 13. Bg5 Bh6 14.
Bxh4 Be3+ 15. Bf2 exd4 16. cxd4 Bxf2+ 17. Rxf2 Nxe4 18. Bxe4 Qxe4 19. Qd2 Nb6 20. Re1 Be6 21. Nf4 Qf5 22. d5 Nxd5 23. Nd4 Qg5 24. Ndxe6 fxe6 25. Rxe6+ Kd7 26. Nxd5 Qxd2 27. Re7+ Kd8 28. Rxd2 cxd5 29. Rxb7 1-0

[Event "Late-Titled-Tuesday-Blitz-June-18-2024"]
[Site "Chess.com"]
[Date "2024.06.18"]
[Round "2"]
[White "ellatambien"]
[Black "IngOscarArdila"]
[Result "1-0"]
[WhiteElo "2724"]
[BlackElo "2424"]
[TimeControl "180+1"]
[EndTime "14:17:15 PDT"]
[Termination "ellatambien won by checkmate"]

1. c4 Nf6 2. Nc3 e6 3. e4 d6 4. d4 Be7 5. f4 c5 6. d5 exd5 7. cxd5 Bg4 8. Qb3 Bc8 9. Nf3 a6 10. a4 b6 11. Bc4 Bg4 12. e5 Nfd7 13. O-O Bxf3 14. Rxf3 dxe5 15. d6 Bxd6 16. Bxf7+ Kf8 17. fxe5 Nxe5 18. Bh5+ Nxf3+ 19. Bxf3 Ra7 20. Be3 Re7 21.
Bf2 Be5 22. Rd1 Bd4 23. Bxd4 cxd4 24. Nd5 Rd7 25. Rxd4 Nc6 26. Rf4+ Ke8 27. Qc3 Rxd5 28. Qxc6+ Rd7 29. Bg4 Rf8 30. Bxd7+ Ke7 31. Qe6# 1-0

[Event "Late-Titled-Tuesday-Blitz-June-18-2024"]
[Site "Chess.com"]
[Date "2024.06.18"]
[Round "2"]
[White "dolynachess"]
[Black "schondeln"]
[Result "1-0"]
[WhiteElo "2561"]
[BlackElo "2348"]
[TimeControl "180+1"]
[EndTime "14:17:15 PDT"]
[Termination "dolynachess won by resignation"]

1. d4 d5 2. c4 c6 3. Nf3 Nf6 4. g3 Bg4 5. Bg2 Nbd7 6. O-O e6 7. Nc3 Bd6 8. Qb3 Rb8 9. Nd2 Bf5 10. e4 dxe4 11.
Ndxe4 Nxe4 12. Nxe4 Bxe4 13. Bxe4 O-O 14. Rd1 Qe7 15.
Be3 a6 16. Qc2 h6 17. a3 Nf6 18. Bf3 e5 19. dxe5 Bxe5 20. Rd2 Rfd8 21. Rad1 Rxd2 22.
Qxd2 Bc7 23. b4 Rd8 24. Qc2 Rxd1+ 25. Qxd1 Nd7 26. Bg2 Ne5 27. Qd4 Nd7 28. Qa7 b5 29. Qxc7 1-0

[Event "Late-Titled-Tuesday-Blitz-June-18-2024"]
[Site "Chess.com"]
[Date "2024.06.18"]
[Round "2"]
[White "topin8"]
[Black "Sacbutt"]
[Result "1-0"]
[WhiteElo "2523"]
[BlackElo "2315"]
[TimeControl "180+1"]
[EndTime "14:17:16 PDT"]
[Termination "topin8 won by resignation"]

1. c4 Nf6 2. Nc3 e6 3. Nf3 d5 4. e3 Be7 5. b3 O-O 6. Bb2 b6 7. Qc2 Bb7 8. Be2 Nbd7 9. g4 dxc4 10. bxc4 Ne5 11. Nxe5 Bxh1 12. f3 Bg2 13. O-O-O Nd7 14. Nc6 Qe8 15. Rg1 Bh3 16. Rg3 Bxg4 17. Nxe7+ Qxe7 18. Rxg4 f5 19. Rg2 Rf7 20. f4 c6 21. Bf3 Rc8 22. Ne2 Nc5 23. Nd4 Qd6 24. Kb1 g6 25. h4 Kf8 26. h5 Na4 1-0

[Event "Late-Titled-Tuesday-Blitz-June-18-2024"]
[Site "Chess.com"]
[Date "2024.06.18"]
[Round "2"]
[White "Chessbard1972"]
[Black "tgpgoat"]
[Result "0-1"]
[WhiteElo "2283"]
[BlackElo "2506"]
[TimeControl "180+1"]
[EndTime "14:17:18 PDT"]
[Termination "tgpgoat won by resignation"]

1. e4 c5 2. d4 cxd4 3. c3 dxc3 4.
Nxc3 Nc6 5. Bc4 e6 6. Bf4 a6 7. a4 d6 8. Nf3 Nf6 9. O-O Be7 10. Qe2 O-O 11. Rfd1 Qc7 12. e5 dxe5 13. Nxe5 Bd6 14. Rxd6 Qxd6 15. Ng6 e5 16. Nxe5 Nxe5 17. Bxe5 Qe7 18.
Re1 Be6 19. Bg3 Rfe8 20. Bh4 Rad8 21. Nd5 Bxd5 22. Qxe7 Rxe7 23. Rxe7 Bxc4 24. h3 Bd5 25. Bxf6 gxf6 26. f3 Bc6 27. a5 Rd5 28. b4 Rd4 29. b5 axb5 30. Rc7 Ra4 31. Rc8+ Kg7 32. Ra8 b4 33.
Kf2 b3 0-1

[Event "Late-Titled-Tuesday-Blitz-June-18-2024"]
[Site "Chess.com"]
[Date "2024.06.18"]
[Round "2"]
[White "olawsson"]
[Black "Redzishchess"]
[Result "1-0"]
[WhiteElo "2167"]
[BlackElo "2444"]
[TimeControl "180+1"]
[EndTime "14:17:18 PDT"]
[Termination "olawsson won by checkmate"]

1. d4 Nf6 2. c4 g6 3. Nc3 d5 4. cxd5 Nxd5 5. e4 Nxc3 6. bxc3 Bg7 7. Be3 O-O 8. Qd2 c5 9. Rc1 Nd7 10. f4 Nf6 11. e5 Ng4 12. Nf3 Nxe3 13. Qxe3 Bf5 14.
Bc4 Rc8 15. O-O cxd4 16. cxd4 Qa5 17. d5 Bh6 18. Nd4 Kh8 19. Nxf5 gxf5 20. Bb3 Qb4 21. g3 a5 22. Qd3 a4 23. Bc4 Qc5+ 24. Kg2 Bg7 25.
Qxf5 Qe3 26. Bd3 Qd2+ 27. Rf2 Qxc1 28. Qxh7# 1-0

[Event "Late-Titled-Tuesday-Blitz-June-18-2024"]
[Site "Chess.com"]
[Date "2024.06.18"]
[Round "2"]
[White "colegiodemadrid"]
[Black "cristiano78"]
[Result "1-0"]
[WhiteElo "2484"]
[BlackElo "2222"]
[TimeControl "180+1"]
[EndTime "14:17:21 PDT"]
[Termination "colegiodemadrid won by resignation"]

1. Nf3 Nf6 2. g3 g6 3. Bg2 Bg7 4. O-O O-O 5. d4 d5 6. c4 c6 7. cxd5 Nxd5 8. e4 Nf6 9. Nc3 Na6 10. e5 Nd5 11. Ne4 Nac7 12. h3 h6 13. Bd2 f5 14.
Nc5 b6 15. Nd3 Be6 16. Qc1 Kh7 17. Qxc6 Rc8 18. Qa4 a5 19. Rac1 Na6 20. Rxc8 Qxc8 21. Rc1 Qb7 22. Qc6 Qxc6 23. Rxc6 Bd7 24. Rc1 Bb5 25.
Nf4 Nxf4 26. gxf4 Rd8 27. Be3 Nb4 28. a3 Nd5 29. Nd2 Nxe3 30. fxe3 e6 31. Rc7 Rd7 32. Rxd7 Bxd7 33. Nc4 b5 34. Nxa5 Bf8 35. b4 g5 36.
Kf2 Kg6 37. Nb7 gxf4 38. exf4 Be7 39. Nc5 Bh4+ 40. Ke3 Bc8 41. Bc6 Be1 42. Bxb5 Bc3 43. Bc6 Bb2 44. a4 Kh5 45. b5 Kh4 46. b6 Kxh3 47.
Bd7 Bxd7 48. Nxd7 h5 49. b7 h4 50. b8=Q Kh2 51. Qxb2+ 1-0

[Event "Late-Titled-Tuesday-Blitz-June-18-2024"]
[Site "Chess.com"]
[Date "2024.06.18"]
[Round "2"]
[White "bob1263"]
[Black "Hirna2005"]
[Result "1-0"]
[WhiteElo "2510"]
[BlackElo "2285"]
[TimeControl "180+1"]
[EndTime "14:17:22 PDT"]
[Termination "bob1263 won by resignation"]

1. d4 g6 2. c4 Bg7 3. Nc3 d6 4. e4 Nc6 5. Be3 e5 6. d5 Nce7 7. g4 f5 8. f3 Nf6 9. h3 c6 10. Qd2 cxd5 11. cxd5 Qa5 12. O-O-O Bd7 13. Kb1 Rc8 14.
Nge2 O-O 15. Nc1 b5 16. Nb3 Qc7 17. Bxb5 fxe4 18. Bxd7 Nxd7 19. fxe4 Rf3 20. Rc1 Rcf8 21. Nb5 Qb8 22. Nxa7 Nc5 23. Bxc5 dxc5 24. Nc6 Nxc6 25. dxc6 Rf2 26. Qd5+ Kh8 27. Rxc5 Re2 28. c7 Qb4 29. Rd1 h5 30. c8=Q Rxc8 31. Rxc8+ Kh7 32. Qc4 Qb7 33.
Qxe2 1-0

[Event "Late-Titled-Tuesday-Blitz-June-18-2024"]
[Site "Chess.com"]
[Date "2024.06.18"]
[Round "2"]
[White "protectiago"]
[Black "KVAIDAN"]
[Result "0-1"]
[WhiteElo "2130"]
[BlackElo "2457"]
[TimeControl "180+1"]
[EndTime "14:17:23 PDT"]
[Termination "KVAIDAN won on time"]

1. d4 e6 2. c4 f5 3. g3 Nf6 4. Bg2 d6 5. Nf3 Be7 6. O-O O-O 7. b3 Qe8 8. Bb2 Qh5 9. Nbd2 Ne4 10. d5 Nxd2 11.
Nxd2 e5 12. e4 Qg6 13. exf5 Bxf5 14. Re1 Nd7 15. f4 Nc5 16. fxe5 Nd3 17. Bc3 Nxe1 18. Qxe1 dxe5 19. Bxe5 Bc5+ 20. Kh1 Rae8 21. Nf3 Bg4 22. Nh4 Qc2 23. Qc3 Qxc3 24. Bxc3 Re2 25. h3 g5 26. hxg4 gxh4 27. gxh4 Rff2 28. Rg1 Rxa2 29.
d6 Bxd6 30. Bd5+ Kf8 31. Re1 Rh2+ 32. Kg1 Rag2+ 33. Bxg2 Rxh4 34. Bf3 Rh2 35. Rf1 Ke8 36. Bxb7 Rh3 37. Bd2 Rg3+ 0-1

[Event "Late-Titled-Tuesday-Blitz-June-18-2024"]
[Site "Chess.com"]
[Date "2024.06.18"]
[Round "2"]
[White "FairChess_on_YouTube"]
[Black "Korchmar_Vasiliy"]
[Result "1-0"]
[WhiteElo "3099"]
[BlackElo "2643"]
[TimeControl "180+1"]
[EndTime "14:17:24 PDT"]
[Termination "FairChess_on_YouTube won by resignation"]

1. d4 d5 2. c4 c6 3. Nf3 Nf6 4. Nc3 a6 5. h3 e6 6. c5 b6 7. cxb6 Qxb6 8. Na4 Qc7 9. e3 a5 10. Bd2 Bd6 11. Rc1 O-O 12. Be2 Ba6 13. O-O Ne4 14. Rc2 Rc8 15. b3 Bxe2 16. Qxe2 Nd7 17.
Rfc1 Qb7 18. Qe1 Qb5 19. Qf1 Qb7 20. Qe1 Qb5 21. Qf1 Qb7 22. Be1 Ba3 23. Rd1 Bd6 24. Nd2 Nef6 25. Rdc1 Ba3 26. Rd1 Bd6 27. Qd3 h6 28.
Nb1 e5 29. dxe5 Nxe5 30. Qe2 c5 31. Nbc3 c4 32. Rb2 Nd3 33. Rbb1 Qc6 34. bxc4 dxc4 35. Nb6 Re8 36. Nxa8 Qxa8 37. Nb5 Bb8 38. Rxd3 cxd3 39. Qxd3 Ne4 40. Qd7 Rd8 41. Qxd8+ 1-0

[Event "Late-Titled-Tuesday-Blitz-June-18-2024"]
[Site "Chess.com"]
[Date "2024.06.18"]
[Round "2"]
[White "Patolindo"]
[Black "DeArron_Fox"]
[Result "0-1"]
[WhiteElo "2165"]
[BlackElo "2465"]
[TimeControl "180+1"]
[EndTime "14:17:26 PDT"]
[Termination "DeArron_Fox won on time"]

1. d4 d5 2. Nf3 Nf6 3. c4 e6 4. Nc3 Be7 5. Bf4 O-O 6. e3 b6 7. cxd5 Nxd5 8. Nxd5 exd5 9. Rc1 c5 10. Bb5 Be6 11. O-O Nd7 12. Bc6 c4 13. Bxa8 Qxa8 14.
Ne5 Nf6 15. a4 a6 16. Ra1 Qb7 17. Qf3 Ne4 18. Nxc4 dxc4 0-1

[Event "Late-Titled-Tuesday-Blitz-June-18-2024"]
[Site "Chess.com"]
[Date "2024.06.18"]
[Round "2"]
[White "Barboval"]
[Black "rionelG"]
[Result "1-0"]
[WhiteElo "2533"]
[BlackElo "2340"]
[TimeControl "180+1"]
[EndTime "14:17:29 PDT"]
[Termination "Barboval won by resignation"]

1. d4 Nf6 2. Bg5 g6 3. Nc3 d5 4. Qd2 Bg7 5. O-O-O O-O 6. Bh6 Ne4 7. Nxe4 dxe4 8.
Bxg7 Kxg7 9. h4 h6 10. f3 exf3 11. gxf3 c5 12. dxc5 Qxd2+ 13. Rxd2 Na6 14. c6 bxc6 15. e4 Nc5 16. Bc4 Be6 17. Bxe6 Nxe6 18. Ne2 Rfd8 19. Rhd1 g5 20. hxg5 hxg5 21. Nd4 Nxd4 22.
Rxd4 Rxd4 23. Rxd4 Kf6 24. Rd7 Rh8 25. Rxa7 Rh3 26.
Ra3 Ke5 27. Rc3 Kf4 28. a4 Rxf3 29. Rxc6 g4 30. Rc8 g3 31. Rg8 Ke3 32. b4 Kf2 33. b5 g2 34. Rxg2+ Kxg2 35. b6 Rf1+ 36. Kb2 Rh1 37.
b7 Rh8 38. a5 Rb8 39. a6 e6 40. Kc3 f5 41. exf5 exf5 42. a7 1-0

[Event "Late-Titled-Tuesday-Blitz-June-18-2024"]
[Site "Chess.com"]
[Date "2024.06.18"]
[Round "2"]
[White "aeiiuu"]
[Black "Msb2"]
[Result "0-1"]
[WhiteElo "2640"]
[BlackElo "3072"]
[TimeControl "180+1"]
[EndTime "14:17:34 PDT"]
[Termination "Msb2 won by resignation"]

1. e4 e6 2. d4 d5 3. Nd2 c5 4.
Ngf3 Nf6 5. e5 Nfd7 6. c3 Nc6 7. Bd3 f6 8. exf6 Nxf6 9. O-O cxd4 10. cxd4 Bd6 11.
Re1 O-O 12. Nb3 Qb6 13. Bg5 a5 14. Qc2 Nb4 15. Qb1 Nxd3 16. Qxd3 Ne4 17. Bh4 Bd7 18.
Rab1 a4 19. Nbd2 Bb5 20. Qc2 Rac8 21. Qd1 Bb4 22. Nxe4 Bxe1 23. Qxe1 dxe4 24. Qxe4 Qc6 25. Qe3 Qd5 26. a3 Rc2 27. h3 h6 28. Re1 Bc6 29. Be7 Rf5 30. Bb4 Rxb2 31. Kh2 Kh7 32. Qd3 Rxf2 33. Kg1 Ra2 34. Re3 Kg8 35. Qd1 Rf4 36.
Re5 Qb3 37. Qc1 Rxg2+ 0-1

[Event "Late-Titled-Tuesday-Blitz-June-18-2024"]
[Site "Chess.com"]
[Date "2024.06.18"]
[Round "2"]
[White "only_strong_moves"]
[Black "MagnusCarlsen"]
[Result "0-1"]
[WhiteElo "2653"]
[BlackElo "3188"]
[TimeControl "180+1"]
[EndTime "14:17:36 PDT"]
[Termination "MagnusCarlsen won by resignation"]

1. Nc3 c5 2. Nf3 Nc6 3. d4 cxd4 4. Nxd4 a6 5. g3 g6 6. Bg2 Bg7 7. Nb3 Nf6 8. O-O O-O 9. e4 d6 10. h3 Be6 11. Be3 Rc8 12. Nd5 Ne5 13. Bd4 b5 14. a4 bxa4 15. Rxa4 Nxd5 16. exd5 Bd7 17. Ra1 Qc7 18. Bc3 Nc4 19. Bxg7 Kxg7 20. Rxa6 Bb5 21.
Ra1 Ne5 22. Re1 Qxc2 23. Qxc2 Rxc2 24. Nd4 Rxb2 25. Nxb5 Rxb5 26. f4 Nc4 27. Rxe7 Rb3 28. Kh2 Ne3 29. Raa7 Nf5 30. Red7 Rb2 31. Ra3 Re8 32.
Raa7 Ree2 33. Rxf7+ Kg8 0-1

[Event "Late-Titled-Tuesday-Blitz-June-18-2024"]
[Site "Chess.com"]
[Date "2024.06.18"]
[Round "2"]
[White "wild3000"]
[Black "ajedrezsinlimites"]
[Result "0-1"]
[WhiteElo "2372"]
[BlackElo "2636"]
[TimeControl "180+1"]
[EndTime "14:17:36 PDT"]
[Termination "ajedrezsinlimites won by resignation"]

1. d4 Nf6 2. Nf3 e6 3. e3 b6 4.
Be2 Bb7 5. O-O Be7 6. b3 O-O 7. Bb2 a5 8. a3 d5 9. c4 Nbd7 10. Nc3 c5 11. cxd5 Nxd5 12. Nxd5 Bxd5 13. Bc4 Bxc4 14.
bxc4 cxd4 15. exd4 Rc8 16. Rc1 Bd6 17. Qb3 Qc7 18.
Rfd1 Rfd8 19. d5 Nc5 20. Qc3 Bf8 21. Ng5 h6 22. Nf3 Na4 23. Qb3 Nxb2 24. Qxb2 exd5 25. cxd5 Qd6 26. Rxc8 Rxc8 27. a4 Rc4 28. Qb5 Rc5 29. Qd3 Qd7 30. Ne5 Qxa4 31. Qf5 Qe8 32. g3 Bd6 33.
Nc6 a4 34. Qd3 Qd7 35. Qa6 Bc7 36. Qxa4 g6 37. Qe4 Rxc6 38. Ra1 Rd6 39. Ra8+ Bd8 0-1

[Event "Late-Titled-Tuesday-Blitz-June-18-2024"]
[Site "Chess.com"]
[Date "2024.06.18"]
[Round "2"]
[White "Aswathchess"]
[Black "GlavkonVVS"]
[Result "1-0"]
[WhiteElo "2767"]
[BlackElo "2537"]
[TimeControl "180+1"]
[EndTime "14:17:37 PDT"]
[Termination "Aswathchess won by resignation"]

1. e4 Nf6 2. e5 Nd5 3. c4 Nb6 4. d4 d6 5. f4 dxe5 6. fxe5 c5 7.
d5 g6 8. Nf3 Bg4 9. h3 Bxf3 10.
Qxf3 Bg7 11. Bf4 O-O 12. Nd2 e6 13. d6 Nc6 14. Qg3 Nd7 15. Nf3 Qa5+ 16. Bd2 Qb6 17. Bc3 f6 18. O-O-O fxe5 19. Ng5 Rae8 20. h4 Nd4 21.
Bd3 Qxd6 22. Nxh7 Kxh7 23. Qxg6+ Kg8 24. Qh7+ Kf7 25. Bg6+ Ke7 26. Qxg7+ Kd8 27. Bxe8 Rxe8 28. h5 Qc6 29. h6 Qe4 30. Bxd4 cxd4 31. h7 d3 32.
h8=Q Qxc4+ 33. Kb1 Qc2+ 34. Ka1 Rxh8 35. Qxh8+ Kc7 36. Rc1 1-0

[Event "Late-Titled-Tuesday-Blitz-June-18-2024"]
[Site "Chess.com"]
[Date "2024.06.18"]
[Round "2"]
[White "Annawel"]
[Black "Ykow"]
[Result "1-0"]
[WhiteElo "3075"]
[BlackElo "2535"]
[TimeControl "180+1"]
[EndTime "14:17:37 PDT"]
[Termination "Annawel won by resignation"]

1. Nf3 d5 2. b3 c5 3. e3 a6 4.
c4 d4 5. exd4 cxd4 6. g3 Nc6 7.
Bg2 e5 8. O-O Bd6 9. Re1 Nge7 10. d3 O-O 11. Nbd2 Bc7 12. Ba3 Re8 13. Ne4 Bg4 14.
h3 Bh5 15. g4 Bg6 16. Nh4 Ba5 17. Re2 Bb4 18. Qc1 Rc8 19. Bxb4 Nxb4 20. Qd2 Nbc6 21. f4 exf4 22. Qxf4 Bxe4 23. Bxe4 Ng6 24.
Nxg6 hxg6 25. Rf1 Qc7 26. Ref2 Re7 27. a3 Ne5 28. b4 a5 29. g5 axb4 30. axb4 Qb6 31. b5 Rce8 32. h4 Qa5 33. Bd5 Qc3 34. h5 Nxd3 35. Bxf7+ Kh8 36. Qh4 Re4 37. Bxe8 Nxf2 38.
Qxe4 Qg3+ 39. Qg2 Nh3+ 40. Kh1 1-0

[Event "Late-Titled-Tuesday-Blitz-June-18-2024"]
[Site "Chess.com"]
[Date "2024.06.18"]
[Round "2"]
[White "yuriydovzik"]
[Black "JG1me"]
[Result "0-1"]
[WhiteElo "2158"]
[BlackElo "2477"]
[TimeControl "180+1"]
[EndTime "14:17:37 PDT"]
[Termination "JG1me won by resignation"]

1. c4 f5 2. Nc3 Nf6 3. d3 g6 4. e4 d6 5. exf5 Bxf5 6. Nge2 Bg7 7. Ng3 Bd7 8. d4 O-O 9. Be2 Nc6 10. O-O e5 11.
dxe5 Nxe5 12. f4 Nf7 13. f5 gxf5 14. Nxf5 Bxf5 15. Rxf5 Qd7 16. Rf1 Rae8 17. Bf3 c6 18. Bf4 Ne5 19. Be2 d5 20. cxd5 cxd5 21. Qb3 Kh8 22.
Rad1 d4 23. Bb5 Nc6 24. Qa4 Ne4 25. Nd5 Qxd5 0-1